[ AOE2 MATCH · #507895367 ]
UnrankedChinese vs Vikings
Player's team · LOSS
Rival team · WIN
[ REPLAY ANALYSIS · EXTRACTED FROM THE RECORDED GAME ]
Feudal
9:21
Castle
21:16
Imperial
34:01
| APM avg | 52.7 |
| APM peak | 105 |
| eAPM avg | 22.3 |
| Villagers / military | 117 / 78 |
Focus
⚔️ 23.9% · 🌾 76.1%
Skirmisher ×34 · Archer ×19 · Fire Lancer ×18 · Iron Pagoda ×3 · Trebuchet (Packed) ×3 · Monk ×1
Feudal
9:16
Castle
21:03
Imperial
34:15
| APM avg | 46.8 |
| APM peak | 80 |
| eAPM avg | 23.9 |
| Villagers / military | 86 / 89 |
Focus
⚔️ 30.2% · 🌾 69.8%
Militia ×57 · Archer ×15 · Mangonel ×8 · Battering Ram ×7 · Skirmisher ×2
Match map
Initial resources + every placement click. Lines = walls · curves = elevation contours. ◆ gold · ⬟ stone · ● berries · ✦ relic · ◌ wall gap
Your base· ✓ Closed at 21:16 · 6t walls · 3 gate(s)
PowerBug96's base· ✓ Closed at 21:03 · 4t walls · 3 gate(s)
Smoothed initial terrain · ◌ = detected wall gap · hover for details
Inputs per minute
— Brick by Brick - - PowerBug96
Build order — Brick by Brick
First 150 of 336 actions detected
| 0:03 | Research | Loom |
| 0:46 | Queue | Villager (Male) |
| 1:17 | Queue | Villager (Male) |
| 1:39 | Queue | Villager (Male) |
| 1:47 | Build | Lumber Camp |
| 2:03 | Queue | Villager (Male) |
| 2:24 | Queue | Villager (Male) |
| 3:01 | Queue | Villager (Male) |
| 3:01 | Queue | Villager (Male) |
| 3:06 | Build | House |
| 3:07 | Build | House |
| 3:49 | Queue | Villager (Male) |
| 4:15 | Queue | Villager (Male) |
| 4:29 | Queue | Villager (Male) |
| 4:29 | Queue | Villager (Male) |
| 5:13 | Build | Mill |
| 5:16 | Queue | Villager (Male) |
| 5:46 | Queue | Villager (Male) |
| 6:10 | Queue | Villager (Male) |
| 6:35 | Queue | Villager (Male) |
| 7:07 | Research | Feudal Age |
| 7:42 | Build | Barracks |
| 7:45 | Build | House |
| 8:14 | Queue | Villager (Male) |
| 9:21 | Age | Feudal Age |
| 9:25 | Build | Archery Range |
| 9:29 | Research | Double-Bit Axe |
| 9:42 | Queue | Villager (Male) |
| 9:59 | Queue | Villager (Male) |
| 10:09 | Queue | Archer |
| 10:12 | Build | House |
| 10:17 | Build | Farm |
| 10:17 | Build | Farm |
| 10:18 | Research | Horse Collar |
| 10:20 | Queue | Villager (Male) |
| 10:23 | Queue | Skirmisher |
| 10:45 | Queue | Villager (Male) |
| 10:53 | Build | House |
| 10:56 | Build | House |
| 11:03 | Build | Palisade Wall |
| 11:08 | Build | House |
| 11:14 | Queue | Skirmisher |
| 11:14 | Queue | Skirmisher |
| 11:15 | Queue | Villager (Male) |
| 11:24 | Queue | Villager (Male) |
| 11:30 | Research | Wheelbarrow |
| 11:39 | Queue | Villager (Male) |
| 11:52 | Build | Palisade Wall |
| 11:57 | Queue | Skirmisher |
| 12:26 | Queue | Villager (Male) |
| 12:26 | Queue | Villager (Male) |
| 12:29 | Queue | Skirmisher |
| 12:43 | Build | Blacksmith |
| 12:51 | Queue | Villager (Male) |
| 12:56 | Queue | Skirmisher |
| 13:08 | Build | Farm |
| 13:19 | Build | Lumber Camp |
| 13:24 | Queue | Villager (Male) |
| 13:37 | Research | Padded Archer Armor |
| 13:38 | Queue | Skirmisher |
| 13:52 | Build | Farm |
| 13:59 | Queue | Villager (Male) |
| 14:08 | Build | Farm |
| 14:14 | Build | House |
| 14:17 | Build | Farm |
| 14:18 | Queue | Villager (Male) |
| 14:19 | Queue | Skirmisher |
| 14:31 | Build | House |
| 14:37 | Build | Farm |
| 14:38 | Build | Farm |
| 14:43 | Build | Farm |
| 14:45 | Queue | Skirmisher |
| 15:17 | Research | Fletching |
| 15:22 | Queue | Villager (Male) |
| 15:24 | Build | Farm |
| 15:25 | Build | Farm |
| 15:29 | Build | Farm |
| 15:31 | Build | Farm |
| 15:32 | Build | Farm |
| 15:34 | Queue | Villager (Male) |
| 15:39 | Queue | Skirmisher |
| 16:04 | Queue | Villager (Male) |
| 16:19 | Build | Mining Camp |
| 16:26 | Build | Farm |
| 16:28 | Build | Farm |
| 16:29 | Build | Farm |
| 16:30 | Queue | Villager (Male) |
| 16:35 | Build | Farm |
| 16:41 | Queue | Skirmisher |
| 16:41 | Queue | Skirmisher |
| 17:16 | Queue | Villager (Male) |
| 17:44 | Queue | Villager (Male) |
| 17:49 | Build | House |
| 18:11 | Queue | Villager (Male) |
| 18:19 | Build | House |
| 18:34 | Research | Castle Age |
| 18:34 | Research | Castle Age |
| 18:48 | Build | Archery Range |
| 18:56 | Build | Archery Range |
| 18:58 | Queue | Villager (Male) |
| 19:31 | Research | Scale Mail Armor |
| 20:26 | Queue | Skirmisher |
| 20:27 | Queue | Skirmisher |
| 20:27 | Queue | Skirmisher |
| 20:45 | Queue | Villager (Male) |
| 21:05 | Queue | Skirmisher |
| 21:16 | Age | Castle Age |
| 21:17 | Build | Siege Workshop |
| 21:19 | Research | Bodkin Arrow |
| 21:21 | Research | Elite Skirmisher (upgrade) |
| 21:35 | Queue | Villager (Male) |
| 21:38 | Build | House |
| 21:39 | Build | House |
| 21:40 | Research | Bow Saw |
| 21:51 | Build | Town Center |
| 21:56 | Queue | Skirmisher |
| 21:57 | Queue | Skirmisher |
| 22:00 | Queue | Iron Pagoda |
| 22:24 | Queue | Iron Pagoda |
| 22:28 | Build | House |
| 22:29 | Build | House |
| 22:30 | Build | House |
| 22:55 | Queue | Villager (Male) |
| 22:59 | Build | Market |
| 23:06 | Queue | Villager (Male) |
| 23:12 | Queue | Villager (Male) |
| 23:13 | Queue | Villager (Male) |
| 23:33 | Queue | Iron Pagoda |
| 23:58 | Build | Town Center |
| 23:59 | Queue | Villager (Male) |
| 24:14 | Queue | Villager (Male) |
| 24:17 | Queue | Villager (Male) |
| 24:18 | Queue | Villager (Male) |
| 24:18 | Queue | Villager (Male) |
| 24:29 | Build | Mining Camp |
| 24:30 | Queue | Villager (Male) |
| 25:02 | Queue | Villager (Male) |
| 25:03 | Queue | Villager (Male) |
| 25:20 | Queue | Villager (Male) |
| 25:20 | Queue | Villager (Male) |
| 25:33 | Build | House |
| 25:36 | Build | Palisade Wall |
| 25:39 | Build | Palisade Wall |
| 25:40 | Build | Palisade Wall |
| 26:12 | Queue | Villager (Male) |
| 26:12 | Queue | Villager (Male) |
| 26:16 | Queue | Skirmisher |
| 26:16 | Queue | Skirmisher |
| 26:17 | Queue | Skirmisher |
| 26:17 | Queue | Skirmisher |
Build order — PowerBug96
First 150 of 295 actions detected
| 0:00 | Queue | Villager (Male) |
| 0:01 | Queue | Villager (Male) |
| 0:01 | Queue | Villager (Male) |
| 0:02 | Build | House |
| 0:03 | Build | House |
| 0:16 | Queue | Villager (Male) |
| 0:16 | Queue | Villager (Male) |
| 0:17 | Queue | Villager (Male) |
| 1:36 | Queue | Villager (Male) |
| 1:36 | Queue | Villager (Male) |
| 1:36 | Queue | Villager (Male) |
| 1:45 | Build | Lumber Camp |
| 2:03 | Queue | Villager (Male) |
| 2:03 | Queue | Villager (Male) |
| 2:45 | Queue | Villager (Male) |
| 2:57 | Queue | Villager (Male) |
| 2:57 | Queue | Villager (Male) |
| 3:32 | Build | House |
| 3:40 | Queue | Villager (Male) |
| 3:41 | Queue | Villager (Male) |
| 4:00 | Build | House |
| 4:11 | Queue | Villager (Male) |
| 4:12 | Queue | Villager (Male) |
| 4:22 | Build | Mill |
| 5:02 | Queue | Villager (Male) |
| 5:02 | Queue | Villager (Male) |
| 5:03 | Queue | Villager (Male) |
| 5:23 | Queue | Villager (Male) |
| 5:26 | Research | Loom |
| 6:45 | Build | Mining Camp |
| 6:51 | Research | Feudal Age |
| 7:48 | Build | Barracks |
| 8:12 | Queue | Villager (Male) |
| 9:11 | Queue | Militia |
| 9:11 | Queue | Militia |
| 9:11 | Queue | Militia |
| 9:16 | Age | Feudal Age |
| 9:21 | Build | Watch Tower |
| 9:23 | Queue | Villager (Male) |
| 9:29 | Research | Double-Bit Axe |
| 9:43 | Build | House |
| 9:51 | Research | Man-at-Arms (upgrade) |
| 9:52 | Queue | Militia |
| 10:08 | Build | Palisade Wall |
| 10:08 | Build | Palisade Wall |
| 10:09 | Build | Palisade Wall |
| 10:09 | Build | Palisade Wall |
| 10:23 | Queue | Villager (Male) |
| 10:39 | Queue | Villager (Male) |
| 10:44 | Build | Blacksmith |
| 11:00 | Build | Mining Camp |
| 11:04 | Queue | Villager (Male) |
| 11:04 | Queue | Villager (Male) |
| 11:07 | Build | House |
| 11:08 | Build | House |
| 11:44 | Build | Farm |
| 11:51 | Queue | Villager (Male) |
| 12:05 | Build | Farm |
| 12:07 | Build | Farm |
| 12:09 | Build | Farm |
| 12:26 | Queue | Villager (Male) |
| 12:36 | Build | Outpost |
| 12:43 | Queue | Villager (Male) |
| 12:54 | Research | Fletching |
| 13:01 | Build | Archery Range |
| 13:13 | Build | Farm |
| 13:33 | Build | Farm |
| 13:34 | Build | Farm |
| 13:39 | Research | Town Watch |
| 13:54 | Build | Farm |
| 14:03 | Build | Watch Tower |
| 14:13 | Queue | Villager (Male) |
| 14:13 | Queue | Villager (Male) |
| 14:14 | Queue | Villager (Male) |
| 14:34 | Queue | Skirmisher |
| 14:35 | Queue | Villager (Male) |
| 14:41 | Queue | Villager (Male) |
| 14:44 | Build | Farm |
| 14:46 | Build | Farm |
| 14:59 | Queue | Skirmisher |
| 15:13 | Queue | Villager (Male) |
| 15:17 | Build | House |
| 15:18 | Build | House |
| 15:18 | Build | House |
| 15:20 | Queue | Villager (Male) |
| 15:24 | Build | Farm |
| 15:43 | Queue | Villager (Male) |
| 15:54 | Queue | Villager (Male) |
| 16:06 | Queue | Villager (Male) |
| 16:09 | Build | Farm |
| 16:14 | Build | Market |
| 16:29 | Queue | Villager (Male) |
| 16:37 | Build | Farm |
| 16:38 | Build | Farm |
| 16:55 | Queue | Villager (Male) |
| 17:11 | Queue | Villager (Male) |
| 17:20 | Queue | Archer |
| 17:20 | Queue | Archer |
| 17:20 | Queue | Archer |
| 17:32 | Build | Farm |
| 17:33 | Build | Farm |
| 18:06 | Build | Farm |
| 18:08 | Build | Farm |
| 18:21 | Research | Castle Age |
| 18:39 | Queue | Archer |
| 19:01 | Research | Scale Mail Armor |
| 19:05 | Queue | Villager (Male) |
| 19:28 | Build | Watch Tower |
| 19:34 | Queue | Archer |
| 19:34 | Queue | Archer |
| 19:35 | Queue | Villager (Male) |
| 19:39 | Build | House |
| 19:40 | Build | House |
| 19:46 | Build | Mining Camp |
| 20:02 | Queue | Archer |
| 20:24 | Queue | Archer |
| 20:33 | Queue | Militia |
| 20:34 | Queue | Militia |
| 20:36 | Research | Arson |
| 20:41 | Build | House |
| 20:42 | Build | House |
| 20:42 | Build | House |
| 21:03 | Age | Castle Age |
| 21:11 | Build | Siege Workshop |
| 21:15 | Research | Squires |
| 21:17 | Queue | Villager (Male) |
| 21:29 | Build | Farm |
| 21:45 | Queue | Archer |
| 21:45 | Queue | Archer |
| 21:51 | Queue | Mangonel |
| 21:52 | Queue | Mangonel |
| 22:03 | Research | Bodkin Arrow |
| 22:06 | Build | Watch Tower |
| 22:17 | Research | Long Swordsman (upgrade) |
| 22:17 | Queue | Militia |
| 22:20 | Queue | Villager (Male) |
| 22:27 | Queue | Villager (Male) |
| 22:34 | Build | Lumber Camp |
| 22:47 | Queue | Villager (Male) |
| 22:57 | Queue | Archer |
| 22:57 | Queue | Archer |
| 23:18 | Build | Watch Tower |
| 23:22 | Queue | Villager (Male) |
| 23:35 | Queue | Villager (Male) |
| 23:38 | Queue | Archer |
| 23:39 | Queue | Archer |
| 23:58 | Build | Watch Tower |
| 24:02 | Queue | Mangonel |
| 24:03 | Queue | Villager (Male) |
| 24:07 | Build | House |
Match timeline
| 7:42 | Brick by Brick · first_building Barracks |
| 7:48 | PowerBug96 · first_building Barracks |
| 9:16 | PowerBug96 · age_up feudal |
| 9:21 | Brick by Brick · age_up feudal |
| 9:25 | Brick by Brick · first_building Archery Range |
| 10:08 | PowerBug96 · wall_segment Palisade Wall x1 |
| 10:08 | PowerBug96 · wall_segment Palisade Wall x1 |
| 10:09 | PowerBug96 · wall_segment Palisade Wall x1 |
| 10:09 | PowerBug96 · wall_segment Palisade Wall x1 |
| 11:03 | Brick by Brick · wall_segment Palisade Wall x5 |
| 11:52 | Brick by Brick · wall_segment Palisade Wall x1 |
| 13:01 | PowerBug96 · first_building Archery Range |
| 17:24 | PowerBug96 · first_market_buy 100 food |
| 19:10 | PowerBug96 · first_market_sell 100 food |
| 21:03 | PowerBug96 · age_up castle |
| 21:11 | PowerBug96 · first_building Siege Workshop |
| 21:16 | Brick by Brick · age_up castle |
| 21:17 | Brick by Brick · first_building Siege Workshop |
| 25:36 | Brick by Brick · wall_segment Palisade Wall x1 |
| 25:39 | Brick by Brick · wall_segment Palisade Wall x1 |
| 25:40 | Brick by Brick · wall_segment Palisade Wall x1 |
| 28:35 | PowerBug96 · first_building Castle |
| 30:46 | Brick by Brick · first_market_sell 100 wood |
| 32:03 | Brick by Brick · first_building Castle |
| 34:01 | Brick by Brick · age_up imperial |
| 34:15 | PowerBug96 · age_up imperial |
| 36:14 | Brick by Brick · first_building Monastery |
| 39:35 | Brick by Brick · resign |
[ AI ANALYSIS · 1 CREDIT ]
What really happened in this match?
Wolo.gg analyzes every decision: build order, eco, micro, common mistakes by bracket. Personalized analysis on WhatsApp or Discord in 30 seconds.
Civ guide
Chinese
Perfil
Jugador #398279